Canadiens vs Jets
(R1)
Created - October 22, 2020 at 19:19
Goals
|
Canadiens |
0 |
2 |
1 |
3 |
Jets |
1 |
1 |
3 |
5 |
|
Shots
|
Canadiens |
10 |
12 |
8 |
30 |
Jets |
7 |
12 |
16 |
35 |
|
1st period
1. Jets , Marcus Johansson 1 (Tyler Myers 1) at 6:20
Penalties :
Dustin Boyd (Mon) for Interference (Minor) at 8:54, David Pastrnak (Mon) for Interference (Minor) at 11:48, Tyler Myers (Win) for Roughing (Minor) at 17:25
2nd period
2. Canadiens , Henrik Sedin 1 (Benoit Pouliot 2, Mark Stuart 1) at 9:03
3. Canadiens , David Pastrnak 1 (Frans Nielsen 1) at 9:37
4. Jets , Jaccob Slavin 1 (Erik Haula 2, Ryan Johansen 3) at 15:16
Penalties :
David Pastrnak (Mon) for Roughing (Minor) at 10:49, Henrik Sedin (Mon) for Hooking (Minor) at 15:35
3rd period
5. Canadiens , Greg Stewart 1 (Frans Nielsen 2, David Pastrnak 1) at 0:26
6. Jets , Marcus Johansson 2 (Adam Henrique 3, Derek Stepan 2) at 3:33
7. Jets , Bobby Ryan 2 (Sam Gagner 1, Jacob Trouba 1) at 11:30
8. Jets , Sam Gagner 1 (Michael Matheson 2) at 19:26 (Empty Net)
Penalties :
Benoit Pouliot (Mon) for Boarding (Minor) at 7:22, Jordan Szwarz (Mon) for High sticking (Minor) at 14:27
Goalie Stats
Kristers Gudlevskis (Mon), 30 saves from 34 shots - (0.882), L, 0-1-1, 59:37 minutes
Kari Lehtonen (Win), 27 saves from 30 shots - (0.900), W, 1-1-0, 60:00 minutes
Players Stats for Canadiens
Player Name G A P +/- PIM S H SB GA TA FO MP PP MP PK MP
------------------------------------------------------------------------------------
Benoit Pouliot 0 1 1 -1 2 2 1 1 1 0 0/0 18:35 1:13 0:42
Brett Maclean 0 0 0 -1 0 0 0 0 0 0 0/0 6:32 0:00 0:00
Bryce Lampman 0 0 0 -1 0 1 2 2 0 2 0/0 28:32 1:03 7:39
Cameron Gaunce 0 0 0 0 0 0 0 1 0 0 0/0 14:36 0:00 4:15
Colton Parayko 0 0 0 -1 0 0 3 0 0 1 0/0 21:35 0:56 4:15
Corey Perry 0 0 0 -1 0 2 2 0 0 0 0/1 17:08 1:13 0:00
David Pastrnak 1 1 2 0 4 5 0 0 0 0 0/1 13:35 0:46 0:00
Dustin Boyd 0 0 0 -1 2 1 2 1 1 0 5/9 11:34 0:00 4:01
Frans Nielsen 0 2 2 0 0 1 0 0 0 0 14/30 20:11 0:46 6:42
Greg Stewart 1 0 1 0 0 5 1 0 0 0 0/1 14:11 0:46 0:28
Henrik Sedin 1 0 1 -1 2 5 0 0 0 0 7/17 18:43 1:13 0:50
Jordan Szwarz 0 0 0 -1 2 0 0 0 0 0 0/0 6:33 0:00 0:00
Mark Stuart 0 1 1 -1 0 2 1 1 1 1 0/0 27:54 0:56 7:39
Nick Spaling 0 0 0 0 0 1 0 0 0 1 0/0 13:50 0:00 3:43
Philip Larsen 0 0 0 0 0 0 1 2 0 0 0/0 10:16 0:00 0:00
Pierre-Marc Bouchard 0 0 0 0 0 1 0 0 1 0 5/10 10:14 0:00 0:21
Raphael Diaz 0 0 0 -1 0 3 3 0 0 1 0/0 17:07 1:03 0:00
Steve Downie 0 0 0 0 0 1 3 0 0 0 0/2 16:54 0:00 7:01
Players Stats for Jets
Player Name G A P +/- PIM S H SB GA TA FO MP PP MP PK MP
------------------------------------------------------------------------------------
Adam Henrique 0 1 1 -2 0 4 2 0 0 0 1/1 21:02 6:47 0:00
Bobby Ryan 1 0 1 3 0 3 0 0 0 0 0/0 9:45 0:00 0:00
Derek Stepan 0 1 1 -2 0 4 2 1 1 1 13/25 19:05 5:07 0:00
Erik Haula 0 1 1 1 0 2 1 0 0 0 0/0 16:21 0:00 1:09
Jaccob Slavin 1 0 1 1 0 2 2 0 0 0 0/0 17:48 4:09 0:39
Jacob Trouba 0 1 1 0 0 2 1 1 0 0 0/0 22:25 4:09 1:20
Jared Spurgeon 0 0 0 0 0 3 1 0 0 0 0/0 14:26 0:00 0:00
Kevin Hayes 0 0 0 0 0 0 3 0 2 0 0/1 19:10 5:07 0:00
Marco Scandella 0 0 0 2 0 0 3 1 0 0 0/0 23:25 7:45 1:20
Marcus Johansson 2 0 2 3 0 2 2 0 1 1 0/0 14:57 5:07 0:24
Michael Matheson 0 1 1 1 0 0 0 0 0 0 0/0 15:37 0:00 0:39
Miro Aaltonen 0 0 0 0 0 1 0 0 1 0 1/2 7:14 0:00 0:00
Nino Niederreiter 0 0 0 -1 0 4 2 0 0 0 1/1 22:17 6:47 0:26
Ronalds Kenins 0 0 0 0 0 1 1 0 0 0 0/0 7:14 0:00 0:00
Ryan Johansen 0 1 1 0 0 3 1 2 0 1 19/34 22:12 6:47 0:50
Ryan Strome 0 0 0 0 0 0 1 0 0 1 0/0 7:14 0:00 0:00
Sam Gagner 1 1 2 4 0 1 1 1 0 0 5/7 11:29 0:00 1:09
Tyler Myers 0 1 1 0 2 3 3 2 1 0 0/0 26:19 7:45 0:00
3 Stars
1 - Marcus Johansson (Win)
2 - Sam Gagner (Win)
3 - Bobby Ryan (Win)
Power Play
Canadiens - 0 on 1 Attempt(s) - 0.00%
Jets - 0 on 6 Attempt(s) - 0.00%
Penalty Kill
Canadiens - 6 on 6 Attempt(s) - 100.00%
- Score 0 goal in Penalty Kill
Jets - 1 on 1 Attempt(s) - 100.00%
- Score 0 goal in Penalty Kill
Team Stat
Canadiens - Hits : 19 - Faceoff Wins : 31 - Blocked Shots : 8 - Penalty Minutes : 12
Jets - Hits : 26 - Faceoff Wins : 40 - Blocked Shots : 8 - Penalty Minutes : 2
Official
Referees : Unknown
Linesman : Unknown
Game Notes
Sam Gagner has scored in a empty net!
Finance
Level 1 -- Attendance: 5999 (99.98%) -- Ticket Income $629,895
Level 2 -- Attendance: 4669 (93.38%) -- Ticket Income $303,485
Level 3 -- Attendance: 1569 (78.45%) -- Ticket Income $69,036
Level 4 -- Attendance: 3741 (93.53%) -- Ticket Income $89,784
Luxury Box -- Attendance: 940 (94.00%) -- Ticket Income $173,900
Game was played at the MTS Center.
Total Attendance: 16918 (93.99%)
Total Ticket Income: $1,266,100
Other Income: $189,915
Total Income: $1,456,015
Canadiens
5 vs 5 Forward
Center Left Wing Right Wing Time % Phy DF OF
1 Henrik Sedin Benoit Pouliot Corey Perry 40 0 1 4
2 Frans Nielsen Greg Stewart David Pastrnak 35 0 1 4
3 Pierre-Marc Bouchard Nick Spaling Steve Downie 20 0 2 3
4 Dustin Boyd Brett Maclean Jordan Szwarz 5 1 2 2
5 vs 5 Defense
Defense Defense Time % Phy DF OF
1 Bryce Lampman Mark Stuart 43 1 3 1
2 Raphael Diaz Colton Parayko 32 1 3 1
3 Cameron Gaunce Philip Larsen 15 1 3 1
4 Colton Parayko Raphael Diaz 10 1 2 2
PowerPlay Forward
Center Left Wing Right Wing Time % Phy DF OF
1 Henrik Sedin Benoit Pouliot Corey Perry 60 0 0 5
2 Frans Nielsen Greg Stewart David Pastrnak 40 0 0 5
PowerPlay Defense
Defense Defense Time % Phy DF OF
1 Bryce Lampman Raphael Diaz 60 0 1 4
2 Mark Stuart Colton Parayko 40 0 1 4
Penalty Kill 4 Players Forward
Center Wing Time % Phy DF OF
1 Frans Nielsen Steve Downie 60 1 4 0
2 Dustin Boyd Nick Spaling 40 1 4 0
Penalty Kill 4 Players Defense
Defense Defense Time % Phy DF OF
1 Bryce Lampman Mark Stuart 60 1 4 0
2 Cameron Gaunce Colton Parayko 40 1 4 0
Penalty Kill - 3 Players Forward
Forward Time % Phy DF OF
1 Frans Nielsen 50 0 5 0
2 Dustin Boyd 50 0 5 0
Penalty Kill - 3 Players Defense
Defense Defense Time % Phy DF OF
1 Mark Stuart Philip Larsen 50 1 4 0
2 Bryce Lampman Colton Parayko 50 1 4 0
4 vs 4 Forward
Center Wing Time % Phy DF OF
1 Frans Nielsen Corey Perry 60 0 2 3
2 Henrik Sedin David Pastrnak 40 0 2 3
4 vs 4 Defense
Defense Defense Time % Phy DF OF
1 Bryce Lampman Raphael Diaz 60 0 2 3
2 Colton Parayko Mark Stuart 40 0 2 3
Last Minutes Offensive
Center Left Wing Right Wing Defense Defense
Henrik Sedin Benoit Pouliot David Pastrnak Bryce Lampman Raphael Diaz
Last Minutes Defensive
Center Left Wing Right Wing Defense Defense
Frans Nielsen Nick Spaling Steve Downie Bryce Lampman Mark Stuart
Goaltenders
Starting : Kristers Gudlevskis
Backup : Allen York
Extra Forwards
Normal : Henrik Sedin, Corey Perry, David Pastrnak - PP : Henrik Sedin, David Pastrnak - PK : Frans Nielsen
Extra Defensemen
Normal : Colton Parayko, Raphael Diaz, Mark Stuart - PP : Bryce Lampman - PK : Mark Stuart, Bryce Lampman
Penalty Shots
Benoit Pouliot, Henrik Sedin, David Pastrnak, Frans Nielsen, Corey Perry
Scratches
Nikolai Zherdev (Healthy), Viktor Stalberg (Healthy)
Jets
5 vs 5 Forward
Center Left Wing Right Wing Time % Phy DF OF
1 Derek Stepan Adam Henrique Nino Niederreiter 35 0 2 3
2 Ryan Johansen Erik Haula Kevin Hayes 35 0 2 3
3 Sam Gagner Marcus Johansson Bobby Ryan 20 0 2 3
4 Miro Aaltonen Ronalds Kenins Ryan Strome 10 2 1 2
5 vs 5 Defense
Defense Defense Time % Phy DF OF
1 Tyler Myers Jacob Trouba 40 1 2 2
2 Jaccob Slavin Marco Scandella 30 1 2 2
3 Michael Matheson Jared Spurgeon 20 0 3 2
4 Jacob Trouba Tyler Myers 10 2 2 1
PowerPlay Forward
Center Left Wing Right Wing Time % Phy DF OF
1 Ryan Johansen Adam Henrique Nino Niederreiter 55 1 2 2
2 Derek Stepan Marcus Johansson Kevin Hayes 45 1 2 2
PowerPlay Defense
Defense Defense Time % Phy DF OF
1 Tyler Myers Marco Scandella 60 1 2 2
2 Jaccob Slavin Jacob Trouba 40 1 2 2
Penalty Kill 4 Players Forward
Center Wing Time % Phy DF OF
1 Sam Gagner Erik Haula 60 1 2 2
2 Ryan Johansen Nino Niederreiter 40 1 2 2
Penalty Kill 4 Players Defense
Defense Defense Time % Phy DF OF
1 Jacob Trouba Tyler Myers 60 1 2 2
2 Jaccob Slavin Marco Scandella 40 1 2 2
Penalty Kill - 3 Players Forward
Forward Time % Phy DF OF
1 Erik Haula 60 1 2 2
2 Nino Niederreiter 40 1 2 2
Penalty Kill - 3 Players Defense
Defense Defense Time % Phy DF OF
1 Tyler Myers Marco Scandella 60 1 2 2
2 Jaccob Slavin Jacob Trouba 40 1 2 2
4 vs 4 Forward
Center Wing Time % Phy DF OF
1 Derek Stepan Adam Henrique 60 1 2 2
2 Ryan Johansen Nino Niederreiter 40 1 2 2
4 vs 4 Defense
Defense Defense Time % Phy DF OF
1 Tyler Myers Marco Scandella 60 1 2 2
2 Jaccob Slavin Jacob Trouba 40 1 2 2
Last Minutes Offensive
Center Left Wing Right Wing Defense Defense
Derek Stepan Adam Henrique Nino Niederreiter Tyler Myers Marco Scandella
Last Minutes Defensive
Center Left Wing Right Wing Defense Defense
Ryan Johansen Erik Haula Nino Niederreiter Tyler Myers Marco Scandella
Goaltenders
Starting : Kari Lehtonen
Backup : Jonathan Bernier
Extra Forwards
Normal : Ryan Johansen, Nino Niederreiter, Erik Haula - PP : Ryan Johansen, Nino Niederreiter - PK : Erik Haula
Extra Defensemen
Normal : Marco Scandella, Tyler Myers, Jacob Trouba - PP : Marco Scandella - PK : Marco Scandella, Tyler Myers
Penalty Shots
Derek Stepan, Ryan Johansen, Nino Niederreiter, Adam Henrique, Erik Haula
Scratches
None
% Time on Ice - Canadiens
Lines # - Real PCT - Wanted PCT - Time Play
Normal Forward
1 - 35% - 40% - 16:03
2 - 29% - 35% - 13:01
3 - 22% - 20% - 9:53
4 - 14% - 5% - 6:32
Normal Defense
1 - 41% - 43% - 18:26
2 - 33% - 32% - 15:03
3 - 22% - 15% - 9:52
4 - 5% - 10% - 2:08
PP Forward
1 - 61% - 60% - 1:13
2 - 39% - 40% - 0:46
PP Defense
1 - 53% - 60% - 1:03
2 - 47% - 40% - 0:56
PK Forward
1 - 69% - 60% - 8:11
2 - 31% - 40% - 3:43
PK Defense
1 - 64% - 60% - 7:39
2 - 36% - 40% - 4:15
PK3 Forward
1 - 0% - 50%
2 - 0% - 50%
PK3 Defense
1 - 0% - 50%
2 - 0% - 50%
44 Forward
1 - 0% - 60%
2 - 0% - 40%
44 Defense
1 - 0% - 60%
2 - 0% - 40%
Last Minute Offensive - 0:38
Last Minute Defensive - 0:00
Total
Forward - 60:00
Defense - 60:00
|
% Time on Ice - Jets
Lines # - Real PCT - Wanted PCT - Time Play
Normal Forward
1 - 31% - 35% - 14:16
2 - 31% - 35% - 14:17
3 - 21% - 20% - 9:45
4 - 16% - 10% - 7:14
Normal Defense
1 - 39% - 40% - 17:50
2 - 28% - 30% - 12:39
3 - 31% - 20% - 14:18
4 - 2% - 10% - 0:45
PP Forward
1 - 57% - 55% - 6:47
2 - 43% - 45% - 5:07
PP Defense
1 - 65% - 60% - 7:45
2 - 35% - 40% - 4:09
PK Forward
1 - 78% - 60% - 1:33
2 - 22% - 40% - 0:26
PK Defense
1 - 100% - 60% - 1:59
2 - 0% - 40% - 0:00
PK3 Forward
1 - 0% - 60%
2 - 0% - 40%
PK3 Defense
1 - 0% - 60%
2 - 0% - 40%
44 Forward
1 - 0% - 60%
2 - 0% - 40%
44 Defense
1 - 0% - 60%
2 - 0% - 40%
Last Minute Offensive - 0:00
Last Minute Defensive - 0:35
Total
Forward - 60:00
Defense - 60:00
|
Play-by-Play
1st period
0:01 of 1st period - Derek Stepan wins face-off versus Henrik Sedin in neutral zone.
0:12 of 1st period - Snap shot by Nino Niederreiter.
0:12 of 1st period - Shot Misses the Net.
0:50 of 1st period - Wrist shot by Benoit Pouliot.
0:50 of 1st period - Stopped by Kari Lehtonen without a rebound.
0:51 of 1st period - Ryan Johansen wins face-off versus Greg Stewart in Jets zone.
1:18 of 1st period - Marco Scandella is hit by Steve Downie and loses puck.
1:45 of 1st period - Snap shot by Ryan Strome.
1:45 of 1st period - Shot Blocked by Cameron Gaunce.
2:27 of 1st period - Corey Perry is hit by Nino Niederreiter and loses puck.
2:40 of 1st period - Steve Downie is hit by Sam Gagner and loses puck.
3:39 of 1st period - Snap shot by Bobby Ryan.
3:39 of 1st period - Stopped by Kristers Gudlevskis without a rebound.
3:40 of 1st period - Frans Nielsen wins face-off versus Sam Gagner in Canadiens zone.
3:49 of 1st period - Sam Gagner is hit by Bryce Lampman and loses puck.
3:56 of 1st period - Snap shot by Frans Nielsen.
3:56 of 1st period - Stopped by Kari Lehtonen without a rebound.
3:57 of 1st period - Pierre-Marc Bouchard wins face-off versus Ryan Johansen in Jets zone.
4:29 of 1st period - Slapshot by Nino Niederreiter.
4:29 of 1st period - Stopped by Kristers Gudlevskis with a rebound.
4:31 of 1st period - Wrist shot by Adam Henrique.
4:31 of 1st period - Shot Misses the Net.
4:33 of 1st period - Snap shot by Derek Stepan.
4:33 of 1st period - Shot Blocked by Bryce Lampman.
4:35 of 1st period - Slapshot by Marco Scandella.
4:35 of 1st period - Shot Misses the Net.
5:08 of 1st period - Snap shot by Pierre-Marc Bouchard.
5:08 of 1st period - Shot Misses the Net.
5:41 of 1st period - Icing by Bryce Lampman.
5:42 of 1st period - Derek Stepan wins face-off versus Dustin Boyd in Canadiens zone.
5:53 of 1st period - Snap shot by Adam Henrique.
5:53 of 1st period - Stopped by Kristers Gudlevskis with a rebound.
6:20 of 1st period - Snap shot by Marcus Johansson.
6:20 of 1st period - Goal by Marcus Johansson - Canadiens : 0 - Jets : 1.
6:21 of 1st period - Henrik Sedin wins face-off versus Ryan Johansen in neutral zone.
6:29 of 1st period - Off-side.
6:30 of 1st period - Henrik Sedin wins face-off versus Ryan Johansen in neutral zone.
6:41 of 1st period - Tyler Myers is hit by Corey Perry and loses puck.
6:56 of 1st period - Slapshot by Benoit Pouliot.
6:56 of 1st period - Shot Blocked by Tyler Myers.
7:04 of 1st period - Snap shot by Henrik Sedin.
7:04 of 1st period - Stopped by Kari Lehtonen without a rebound.
7:05 of 1st period - Derek Stepan wins face-off versus Frans Nielsen in Jets zone.
7:05 of 1st period - Derek Stepan is hit by Philip Larsen.
7:31 of 1st period - Steve Downie is hit by Marco Scandella and loses puck.
8:21 of 1st period - Snap shot by Greg Stewart.
8:21 of 1st period - Shot Misses the Net.
8:35 of 1st period - Icing by Dustin Boyd.
8:36 of 1st period - Dustin Boyd wins face-off versus Derek Stepan in Canadiens zone.
8:36 of 1st period - Dustin Boyd is hit by Marco Scandella.
8:54 of 1st period - Minor Penalty to Dustin Boyd for Interference.
8:55 of 1st period - Ryan Johansen wins face-off versus Frans Nielsen in Canadiens zone.
9:03 of 1st period - Snap shot by Adam Henrique.
9:03 of 1st period - Shot Misses the Net.
9:09 of 1st period - Snap shot by Adam Henrique.
9:09 of 1st period - Shot Misses the Net.
10:54 of 1st period - Penalty to Dustin Boyd is over, Dustin Boyd is back on ice.
11:09 of 1st period - Tyler Myers is hit by Dustin Boyd and loses puck.
11:29 of 1st period - Icing by Marcus Johansson.
11:30 of 1st period - Sam Gagner wins face-off versus Henrik Sedin in Jets zone.
11:37 of 1st period - Wrist shot by Benoit Pouliot.
11:37 of 1st period - Shot Misses the Net.
11:39 of 1st period - Slapshot by Cameron Gaunce.
11:39 of 1st period - Deflect By Benoit Pouliot.
11:39 of 1st period - Shot Misses the Net.
11:39 of 1st period - Puck is out of play.
11:40 of 1st period - Frans Nielsen wins face-off versus Ryan Johansen in Jets zone.
11:48 of 1st period - Minor Penalty to David Pastrnak for Interference.
11:49 of 1st period - Frans Nielsen wins face-off versus Ryan Johansen in Canadiens zone.
11:49 of 1st period - Frans Nielsen is hit by Adam Henrique.
12:16 of 1st period - Off-side.
12:17 of 1st period - Dustin Boyd wins face-off versus Derek Stepan in neutral zone.
13:41 of 1st period - Derek Stepan is hit by Dustin Boyd and loses puck.
13:48 of 1st period - Penalty to David Pastrnak is over, David Pastrnak is back on ice.
14:11 of 1st period - Wrist shot by Greg Stewart.
14:11 of 1st period - Stopped by Kari Lehtonen with a rebound.
14:13 of 1st period - Slapshot by Raphael Diaz.
14:13 of 1st period - Stopped by Kari Lehtonen with a rebound.
15:02 of 1st period - Slapshot by David Pastrnak.
15:02 of 1st period - Stopped by Kari Lehtonen with a rebound.
15:04 of 1st period - Snap shot by Greg Stewart.
15:04 of 1st period - Stopped by Kari Lehtonen without a rebound.
15:05 of 1st period - Frans Nielsen wins face-off versus Ryan Johansen in Jets zone.
15:34 of 1st period - Wrist shot by Steve Downie.
15:34 of 1st period - Stopped by Kari Lehtonen without a rebound.
15:35 of 1st period - Derek Stepan wins face-off versus Corey Perry in Jets zone.
16:04 of 1st period - Wrist shot by Pierre-Marc Bouchard.
16:04 of 1st period - Shot Blocked by Tyler Myers.
16:06 of 1st period - Slapshot by Mark Stuart.
16:06 of 1st period - Stopped by Kari Lehtonen without a rebound.
16:07 of 1st period - Ryan Johansen wins face-off versus Pierre-Marc Bouchard in Jets zone.
16:09 of 1st period - Icing by Kevin Hayes.
16:10 of 1st period - Ryan Johansen wins face-off versus Pierre-Marc Bouchard in Jets zone.
16:10 of 1st period - Ryan Johansen is hit by Colton Parayko.
17:15 of 1st period - Bryce Lampman is hit by Jared Spurgeon and loses puck.
17:25 of 1st period - Minor Penalty to Tyler Myers for Roughing.
17:26 of 1st period - Sam Gagner wins face-off versus Henrik Sedin in Jets zone.
17:49 of 1st period - Marco Scandella is hit by Raphael Diaz and loses puck.
17:54 of 1st period - Wrist shot by Corey Perry.
17:54 of 1st period - Shot Misses the Net.
17:56 of 1st period - Wrist shot by Henrik Sedin.
17:56 of 1st period - Shot Blocked by Sam Gagner.
17:58 of 1st period - Slapshot by Raphael Diaz.
17:58 of 1st period - Shot Misses the Net.
18:00 of 1st period - Snap shot by Henrik Sedin.
18:00 of 1st period - Stopped by Kari Lehtonen without a rebound.
18:01 of 1st period - Sam Gagner wins face-off versus Frans Nielsen in Jets zone.
18:27 of 1st period - Ryan Johansen is hit by Benoit Pouliot and loses puck.
19:12 of 1st period - Colton Parayko is hit by Marcus Johansson and loses puck.
19:25 of 1st period - Penalty to Tyler Myers is over, Tyler Myers is back on ice.
19:31 of 1st period - Colton Parayko is hit by Tyler Myers and loses puck.
19:36 of 1st period - Slapshot by Derek Stepan.
19:36 of 1st period - Shot Misses the Net.
19:38 of 1st period - Snap shot by Adam Henrique.
19:38 of 1st period - Stopped by Kristers Gudlevskis with a rebound.
19:40 of 1st period - Wrist shot by Derek Stepan.
19:40 of 1st period - Stopped by Kristers Gudlevskis without a rebound.
19:41 of 1st period - Miro Aaltonen wins face-off versus Pierre-Marc Bouchard in Canadiens zone.
19:44 of 1st period - Snap shot by Ronalds Kenins.
19:44 of 1st period - Stopped by Kristers Gudlevskis without a rebound.
19:45 of 1st period - Pierre-Marc Bouchard wins face-off versus Miro Aaltonen in Canadiens zone.
Goals for this period are 0 for Canadiens vs 1 for Jets.
Shots for this period are 10 for Canadiens vs 7 for Jets.
2nd period
0:01 of 2nd period - Ryan Johansen wins face-off versus Henrik Sedin in neutral zone.
0:27 of 2nd period - Mark Stuart is hit by Marcus Johansson and loses puck.
0:54 of 2nd period - Mark Stuart is hit by Ryan Strome and loses puck.
0:59 of 2nd period - Slapshot by Miro Aaltonen.
0:59 of 2nd period - Shot Blocked by Mark Stuart.
1:29 of 2nd period - Snap shot by Erik Haula.
1:29 of 2nd period - Stopped by Kristers Gudlevskis without a rebound.
1:30 of 2nd period - Frans Nielsen wins face-off versus Derek Stepan in Canadiens zone.
1:47 of 2nd period - Wrist shot by Derek Stepan.
1:47 of 2nd period - Shot Misses the Net.
1:59 of 2nd period - Wrist shot by Frans Nielsen.
1:59 of 2nd period - Shot Misses the Net.
2:37 of 2nd period - Philip Larsen is hit by Tyler Myers and loses puck.
2:46 of 2nd period - Snap shot by Ronalds Kenins.
2:46 of 2nd period - Shot Blocked by Philip Larsen.
2:48 of 2nd period - Backhand shot by Michael Matheson.
2:48 of 2nd period - Shot Blocked by Philip Larsen.
3:05 of 2nd period - Cameron Gaunce is hit by Jaccob Slavin and loses puck.
3:18 of 2nd period - Wrist shot by Jordan Szwarz.
3:18 of 2nd period - Shot Hit the Post.
3:30 of 2nd period - Brett Maclean is hit by Erik Haula and loses puck.
3:51 of 2nd period - Slapshot by Jared Spurgeon.
3:51 of 2nd period - Stopped by Kristers Gudlevskis with a rebound.
4:13 of 2nd period - Mark Stuart is hit by Jaccob Slavin and loses puck.
4:42 of 2nd period - Nino Niederreiter is hit by Raphael Diaz and loses puck.
5:23 of 2nd period - Wrist shot by Dustin Boyd.
5:23 of 2nd period - Deflect By Jordan Szwarz.
5:23 of 2nd period - Shot Misses the Net.
5:23 of 2nd period - Puck is out of play.
5:24 of 2nd period - Dustin Boyd wins face-off versus Ryan Johansen in Jets zone.
5:39 of 2nd period - Wrist shot by Ryan Johansen.
5:39 of 2nd period - Shot Misses the Net.
5:41 of 2nd period - Snap shot by Jared Spurgeon.
5:41 of 2nd period - Stopped by Kristers Gudlevskis with a rebound.
6:02 of 2nd period - Wrist shot by Dustin Boyd.
6:02 of 2nd period - Stopped by Kari Lehtonen without a rebound.
6:03 of 2nd period - Derek Stepan wins face-off versus Frans Nielsen in Jets zone.
7:19 of 2nd period - Slapshot by Raphael Diaz.
7:19 of 2nd period - Deflect By Marco Scandella.
7:19 of 2nd period - Stopped by Kari Lehtonen with a rebound.
7:39 of 2nd period - Snap shot by Greg Stewart.
7:39 of 2nd period - Shot Misses the Net.
7:41 of 2nd period - Snap shot by Raphael Diaz.
7:41 of 2nd period - Stopped by Kari Lehtonen with a rebound.
7:43 of 2nd period - Snap shot by Henrik Sedin.
7:43 of 2nd period - Stopped by Kari Lehtonen with a rebound.
7:45 of 2nd period - Slapshot by Colton Parayko.
7:45 of 2nd period - Shot Misses the Net.
7:47 of 2nd period - Snap shot by Henrik Sedin.
7:47 of 2nd period - Stopped by Kari Lehtonen without a rebound.
7:48 of 2nd period - Ryan Johansen wins face-off versus Henrik Sedin in Jets zone.
7:57 of 2nd period - Wrist shot by Kevin Hayes.
7:57 of 2nd period - Deflect By Erik Haula.
7:57 of 2nd period - Stopped by Kristers Gudlevskis without a rebound.
7:58 of 2nd period - Henrik Sedin wins face-off versus Ryan Johansen in Canadiens zone.
8:09 of 2nd period - Wrist shot by Corey Perry.
8:09 of 2nd period - Shot Misses the Net.
8:43 of 2nd period - Snap shot by Corey Perry.
8:43 of 2nd period - Shot Misses the Net.
8:45 of 2nd period - Wrist shot by Corey Perry.
8:45 of 2nd period - Shot Blocked by Ryan Johansen.
8:47 of 2nd period - Slapshot by Bryce Lampman.
8:47 of 2nd period - Shot Misses the Net.
8:49 of 2nd period - Backhand shot by Bryce Lampman.
8:49 of 2nd period - Shot Misses the Net.
8:51 of 2nd period - Snap shot by Mark Stuart.
8:51 of 2nd period - Shot Misses the Net.
8:53 of 2nd period - Backhand shot by Bryce Lampman.
8:53 of 2nd period - Stopped by Kari Lehtonen with a rebound.
8:55 of 2nd period - Snap shot by Mark Stuart.
8:55 of 2nd period - Stopped by Kari Lehtonen with a rebound.
8:57 of 2nd period - Slapshot by Mark Stuart.
8:57 of 2nd period - Shot Blocked by Ryan Johansen.
9:03 of 2nd period - Slapshot by Henrik Sedin.
9:03 of 2nd period - Goal by Henrik Sedin - Canadiens : 1 - Jets : 1.
9:04 of 2nd period - Frans Nielsen wins face-off versus Derek Stepan in neutral zone.
9:07 of 2nd period - Backhand shot by Greg Stewart.
9:07 of 2nd period - Shot Blocked by Jacob Trouba.
9:11 of 2nd period - Backhand shot by Greg Stewart.
9:11 of 2nd period - Stopped by Kari Lehtonen with a rebound.
9:19 of 2nd period - Wrist shot by David Pastrnak.
9:19 of 2nd period - Stopped by Kari Lehtonen without a rebound.
9:20 of 2nd period - Pierre-Marc Bouchard wins face-off versus Sam Gagner in Jets zone.
9:25 of 2nd period - Wrist shot by Pierre-Marc Bouchard.
9:25 of 2nd period - Shot Misses the Net.
9:33 of 2nd period - Snap shot by Pierre-Marc Bouchard.
9:33 of 2nd period - Deflect By Steve Downie.
9:33 of 2nd period - Shot Misses the Net.
9:33 of 2nd period - Puck is out of play.
9:34 of 2nd period - Frans Nielsen wins face-off versus Derek Stepan in Jets zone.
9:37 of 2nd period - Slapshot by David Pastrnak.
9:37 of 2nd period - Goal by David Pastrnak - Canadiens : 2 - Jets : 1.
9:38 of 2nd period - Derek Stepan wins face-off versus Frans Nielsen in neutral zone.
9:51 of 2nd period - Greg Stewart is hit by Nino Niederreiter and loses puck.
10:04 of 2nd period - Bryce Lampman is hit by Kevin Hayes and loses puck.
10:22 of 2nd period - Icing by Marco Scandella.
10:23 of 2nd period - Ryan Johansen wins face-off versus Pierre-Marc Bouchard in Jets zone.
10:25 of 2nd period - Icing by Erik Haula.
10:26 of 2nd period - Pierre-Marc Bouchard wins face-off versus Derek Stepan in Jets zone.
10:27 of 2nd period - Wrist shot by Steve Downie.
10:27 of 2nd period - Shot Blocked by Derek Stepan.
10:41 of 2nd period - Slapshot by Nino Niederreiter.
10:41 of 2nd period - Stopped by Kristers Gudlevskis without a rebound.
10:42 of 2nd period - Ryan Johansen wins face-off versus Frans Nielsen in Canadiens zone.
10:45 of 2nd period - Backhand shot by Ryan Johansen.
10:45 of 2nd period - Stopped by Kristers Gudlevskis without a rebound.
10:46 of 2nd period - Frans Nielsen wins face-off versus Derek Stepan in Canadiens zone.
10:46 of 2nd period - Frans Nielsen is hit by Tyler Myers.
10:49 of 2nd period - Minor Penalty to David Pastrnak for Roughing.
10:50 of 2nd period - Frans Nielsen wins face-off versus Ryan Johansen in Canadiens zone.
11:20 of 2nd period - Frans Nielsen is hit by Derek Stepan and loses puck.
11:42 of 2nd period - Icing by Adam Henrique.
11:43 of 2nd period - Ryan Johansen wins face-off versus Frans Nielsen in Jets zone.
12:10 of 2nd period - Wrist shot by Derek Stepan.
12:10 of 2nd period - Stopped by Kristers Gudlevskis without a rebound.
12:11 of 2nd period - Derek Stepan wins face-off versus Dustin Boyd in Canadiens zone.
12:14 of 2nd period - Wrist shot by Derek Stepan.
12:14 of 2nd period - Shot Misses the Net.
12:49 of 2nd period - Penalty to David Pastrnak is over, David Pastrnak is back on ice.
13:08 of 2nd period - Snap shot by Ronalds Kenins.
13:08 of 2nd period - Shot Misses the Net.
13:27 of 2nd period - Marcus Johansson is hit by Mark Stuart and loses puck.
14:31 of 2nd period - Snap shot by Corey Perry.
14:31 of 2nd period - Shot Misses the Net.
14:33 of 2nd period - Snap shot by Corey Perry.
14:33 of 2nd period - Stopped by Kari Lehtonen without a rebound.
14:34 of 2nd period - Frans Nielsen wins face-off versus Derek Stepan in Jets zone.
14:39 of 2nd period - Wrist shot by Frans Nielsen.
14:39 of 2nd period - Shot Misses the Net.
15:06 of 2nd period - Wrist shot by Erik Haula.
15:06 of 2nd period - Deflect By Ryan Johansen.
15:06 of 2nd period - Shot Misses the Net.
15:06 of 2nd period - Puck is out of play.
15:07 of 2nd period - Henrik Sedin wins face-off versus Ryan Johansen in Canadiens zone.
15:07 of 2nd period - Benoit Pouliot is hit by Kevin Hayes and loses puck.
15:14 of 2nd period - Snap shot by Erik Haula.
15:14 of 2nd period - Shot Misses the Net.
15:16 of 2nd period - Slapshot by Jaccob Slavin.
15:16 of 2nd period - Deflect By Benoit Pouliot.
15:16 of 2nd period - Goal by Jaccob Slavin - Canadiens : 2 - Jets : 2.
15:17 of 2nd period - Derek Stepan wins face-off versus Frans Nielsen in neutral zone.
15:30 of 2nd period - Snap shot by Nino Niederreiter.
15:30 of 2nd period - Shot Misses the Net.
15:32 of 2nd period - Slapshot by Nino Niederreiter.
15:32 of 2nd period - Stopped by Kristers Gudlevskis without a rebound.
15:33 of 2nd period - Henrik Sedin wins face-off versus Ryan Johansen in Canadiens zone.
15:35 of 2nd period - Minor Penalty to Henrik Sedin for Hooking.
15:36 of 2nd period - Ryan Johansen wins face-off versus Frans Nielsen in Canadiens zone.
15:42 of 2nd period - Snap shot by Nino Niederreiter.
15:42 of 2nd period - Shot Misses the Net.
15:44 of 2nd period - Slapshot by Marco Scandella.
15:44 of 2nd period - Shot Misses the Net.
15:46 of 2nd period - Wrist shot by Adam Henrique.
15:46 of 2nd period - Stopped by Kristers Gudlevskis with a rebound.
15:48 of 2nd period - Snap shot by Nino Niederreiter.
15:48 of 2nd period - Stopped by Kristers Gudlevskis without a rebound.
15:49 of 2nd period - Ryan Johansen wins face-off versus Frans Nielsen in Canadiens zone.
16:46 of 2nd period - Steve Downie is hit by Jacob Trouba and loses puck.
17:18 of 2nd period - Kevin Hayes is hit by Colton Parayko and loses puck.
17:35 of 2nd period - Penalty to Henrik Sedin is over, Henrik Sedin is back on ice.
17:36 of 2nd period - Icing by Benoit Pouliot.
17:37 of 2nd period - Adam Henrique wins face-off versus Dustin Boyd in Canadiens zone.
18:22 of 2nd period - Snap shot by Greg Stewart.
18:22 of 2nd period - Shot Misses the Net.
18:32 of 2nd period - Colton Parayko is hit by Derek Stepan and loses puck.
18:55 of 2nd period - Wrist shot by Miro Aaltonen.
18:55 of 2nd period - Stopped by Kristers Gudlevskis with a rebound.
Goals for this period are 2 for Canadiens vs 1 for Jets.
Shots for this period are 12 for Canadiens vs 12 for Jets.
3rd period
0:01 of 3rd period - Derek Stepan wins face-off versus David Pastrnak in neutral zone.
0:09 of 3rd period - Off-side.
0:10 of 3rd period - Frans Nielsen wins face-off versus Derek Stepan in neutral zone.
0:13 of 3rd period - Tyler Myers is hit by Greg Stewart and loses puck.
0:26 of 3rd period - Wrist shot by Greg Stewart.
0:26 of 3rd period - Goal by Greg Stewart - Canadiens : 3 - Jets : 2.
0:27 of 3rd period - Ryan Johansen wins face-off versus Henrik Sedin in neutral zone.
0:34 of 3rd period - Slapshot by Ryan Johansen.
0:34 of 3rd period - Shot Misses the Net.
0:36 of 3rd period - Snap shot by Erik Haula.
0:36 of 3rd period - Shot Blocked by Benoit Pouliot.
0:38 of 3rd period - Slapshot by Jacob Trouba.
0:38 of 3rd period - Stopped by Kristers Gudlevskis with a rebound.
0:40 of 3rd period - Slapshot by Tyler Myers.
0:40 of 3rd period - Stopped by Kristers Gudlevskis without a rebound.
0:41 of 3rd period - Nino Niederreiter wins face-off versus Frans Nielsen in Canadiens zone.
1:16 of 3rd period - Snap shot by Benoit Pouliot.
1:16 of 3rd period - Stopped by Kari Lehtonen without a rebound.
1:17 of 3rd period - Henrik Sedin wins face-off versus Kevin Hayes in Jets zone.
1:18 of 3rd period - Slapshot by Corey Perry.
1:18 of 3rd period - Shot Misses the Net.
1:50 of 3rd period - Jaccob Slavin is hit by Raphael Diaz and loses puck.
2:50 of 3rd period - Raphael Diaz is hit by Kevin Hayes and loses puck.
3:17 of 3rd period - Wrist shot by Nick Spaling.
3:17 of 3rd period - Stopped by Kari Lehtonen with a rebound.
3:19 of 3rd period - Slapshot by Nick Spaling.
3:19 of 3rd period - Shot Misses the Net.
3:33 of 3rd period - Slapshot by Marcus Johansson.
3:33 of 3rd period - Goal by Marcus Johansson - Canadiens : 3 - Jets : 3.
3:34 of 3rd period - Ryan Johansen wins face-off versus Henrik Sedin in neutral zone.
4:01 of 3rd period - Snap shot by Derek Stepan.
4:01 of 3rd period - Shot Misses the Net.
4:26 of 3rd period - Off-side.
4:27 of 3rd period - Sam Gagner wins face-off versus Steve Downie in neutral zone.
4:30 of 3rd period - Slapshot by Jaccob Slavin.
4:30 of 3rd period - Stopped by Kristers Gudlevskis without a rebound.
4:31 of 3rd period - Ryan Johansen wins face-off versus Henrik Sedin in Canadiens zone.
4:44 of 3rd period - Snap shot by Ryan Johansen.
4:44 of 3rd period - Shot Misses the Net.
4:46 of 3rd period - Snap shot by Kevin Hayes.
4:46 of 3rd period - Deflect By Ryan Johansen.
4:46 of 3rd period - Shot Misses the Net.
4:46 of 3rd period - Puck is out of play.
4:47 of 3rd period - Derek Stepan wins face-off versus Frans Nielsen in Canadiens zone.
5:14 of 3rd period - Ryan Johansen is hit by Bryce Lampman and loses puck.
5:38 of 3rd period - Raphael Diaz is hit by Marco Scandella and loses puck.
5:47 of 3rd period - Snap shot by Pierre-Marc Bouchard.
5:47 of 3rd period - Stopped by Kari Lehtonen with a rebound.
7:01 of 3rd period - Snap shot by Bobby Ryan.
7:01 of 3rd period - Stopped by Kristers Gudlevskis with a rebound.
7:05 of 3rd period - Snap shot by Sam Gagner.
7:05 of 3rd period - Shot Misses the Net.
7:07 of 3rd period - Slapshot by Jared Spurgeon.
7:07 of 3rd period - Stopped by Kristers Gudlevskis without a rebound.
7:08 of 3rd period - Ryan Johansen wins face-off versus Dustin Boyd in Canadiens zone.
7:11 of 3rd period - Slapshot by Ryan Johansen.
7:11 of 3rd period - Stopped by Kristers Gudlevskis with a rebound.
7:13 of 3rd period - Slapshot by Jacob Trouba.
7:13 of 3rd period - Stopped by Kristers Gudlevskis with a rebound.
7:15 of 3rd period - Slapshot by Jacob Trouba.
7:15 of 3rd period - Shot Blocked by Dustin Boyd.
7:17 of 3rd period - Slapshot by Jacob Trouba.
7:17 of 3rd period - Deflect By Erik Haula.
7:17 of 3rd period - Shot Misses the Net.
7:17 of 3rd period - Puck is out of play.
7:18 of 3rd period - Ryan Johansen wins face-off versus Henrik Sedin in Canadiens zone.
7:22 of 3rd period - Minor Penalty to Benoit Pouliot for Boarding.
7:23 of 3rd period - Frans Nielsen wins face-off versus Ryan Johansen in Canadiens zone.
7:35 of 3rd period - Slapshot by Adam Henrique.
7:35 of 3rd period - Shot Blocked by Bryce Lampman.
7:37 of 3rd period - Snap shot by Adam Henrique.
7:37 of 3rd period - Deflect By Ryan Johansen.
7:37 of 3rd period - Stopped by Kristers Gudlevskis with a rebound.
9:20 of 3rd period - Adam Henrique is hit by Colton Parayko and loses puck.
9:22 of 3rd period - Penalty to Benoit Pouliot is over, Benoit Pouliot is back on ice.
10:44 of 3rd period - Jaccob Slavin is hit by Steve Downie and loses puck.
10:50 of 3rd period - Icing by Jaccob Slavin.
10:51 of 3rd period - Ryan Johansen wins face-off versus Pierre-Marc Bouchard in Jets zone.
11:02 of 3rd period - Snap shot by Derek Stepan.
11:02 of 3rd period - Stopped by Kristers Gudlevskis with a rebound.
11:10 of 3rd period - Jaccob Slavin is hit by Steve Downie.
11:21 of 3rd period - Off-side.
11:22 of 3rd period - Sam Gagner wins face-off versus Frans Nielsen in neutral zone.
11:28 of 3rd period - Slapshot by Sam Gagner.
11:28 of 3rd period - Shot Misses the Net.
11:30 of 3rd period - Snap shot by Bobby Ryan.
11:30 of 3rd period - Goal by Bobby Ryan - Canadiens : 3 - Jets : 4.
11:31 of 3rd period - Henrik Sedin wins face-off versus Ryan Johansen in neutral zone.
11:37 of 3rd period - Icing by Kevin Hayes.
11:38 of 3rd period - Ryan Johansen wins face-off versus Henrik Sedin in Jets zone.
12:21 of 3rd period - Snap shot by Corey Perry.
12:21 of 3rd period - Stopped by Kari Lehtonen without a rebound.
12:22 of 3rd period - Derek Stepan wins face-off versus Frans Nielsen in Jets zone.
12:27 of 3rd period - Snap shot by Derek Stepan.
12:27 of 3rd period - Stopped by Kristers Gudlevskis with a rebound.
12:33 of 3rd period - Wrist shot by David Pastrnak.
12:33 of 3rd period - Stopped by Kari Lehtonen without a rebound.
12:34 of 3rd period - Derek Stepan wins face-off versus Frans Nielsen in Jets zone.
12:39 of 3rd period - Slapshot by Greg Stewart.
12:39 of 3rd period - Stopped by Kari Lehtonen with a rebound.
12:45 of 3rd period - Slapshot by David Pastrnak.
12:45 of 3rd period - Shot Hit the Post.
12:59 of 3rd period - Adam Henrique is hit by Corey Perry and loses puck.
13:10 of 3rd period - Snap shot by Corey Perry.
13:10 of 3rd period - Shot Misses the Net.
13:46 of 3rd period - Wrist shot by David Pastrnak.
13:46 of 3rd period - Stopped by Kari Lehtonen with a rebound.
13:48 of 3rd period - Wrist shot by Cameron Gaunce.
13:48 of 3rd period - Shot Misses the Net.
14:06 of 3rd period - Off-side.
14:07 of 3rd period - Dustin Boyd wins face-off versus Ryan Johansen in neutral zone.
14:27 of 3rd period - Minor Penalty to Jordan Szwarz for High sticking.
14:28 of 3rd period - Ryan Johansen wins face-off versus Frans Nielsen in Canadiens zone.
14:33 of 3rd period - Wrist shot by Nino Niederreiter.
14:33 of 3rd period - Shot Misses the Net.
14:35 of 3rd period - Slapshot by Tyler Myers.
14:35 of 3rd period - Stopped by Kristers Gudlevskis without a rebound.
14:36 of 3rd period - Frans Nielsen wins face-off versus Ryan Johansen in Canadiens zone.
14:55 of 3rd period - Steve Downie is hit by Ryan Johansen and loses puck.
15:22 of 3rd period - Backhand shot by Tyler Myers.
15:22 of 3rd period - Stopped by Kristers Gudlevskis without a rebound.
15:23 of 3rd period - Dustin Boyd wins face-off versus Derek Stepan in Canadiens zone.
15:29 of 3rd period - Icing by Derek Stepan.
15:30 of 3rd period - Frans Nielsen wins face-off versus Derek Stepan in Jets zone.
15:50 of 3rd period - Snap shot by Jaccob Slavin.
15:50 of 3rd period - Shot Misses the Net.
16:14 of 3rd period - Wrist shot by Nick Spaling.
16:14 of 3rd period - Shot Misses the Net.
16:16 of 3rd period - Slapshot by Mark Stuart.
16:16 of 3rd period - Shot Blocked by Marco Scandella.
16:27 of 3rd period - Penalty to Jordan Szwarz is over, Jordan Szwarz is back on ice.
16:36 of 3rd period - Corey Perry is hit by Ronalds Kenins and loses puck.
19:03 of 3rd period - Canadiens, Kristers Gudlevskis is pulled from the net.
19:05 of 3rd period - Snap shot by Benoit Pouliot.
19:05 of 3rd period - Shot Misses the Net.
19:26 of 3rd period - Snap shot by Sam Gagner.
19:26 of 3rd period - Goal by Sam Gagner - Canadiens : 3 - Jets : 5.
19:26 of 3rd period - Kristers Gudlevskis from Canadiens was sent back in the game.
19:27 of 3rd period - Derek Stepan wins face-off versus Steve Downie in neutral zone.
19:32 of 3rd period - Snap shot by Adam Henrique.
19:32 of 3rd period - Stopped by Kristers Gudlevskis without a rebound.
19:33 of 3rd period - Pierre-Marc Bouchard wins face-off versus Derek Stepan in Canadiens zone.
19:33 of 3rd period - Pierre-Marc Bouchard is hit by Adam Henrique.
Goals for this period are 1 for Canadiens vs 3 for Jets.
Shots for this period are 8 for Canadiens vs 16 for Jets.